 Dungeon Crawl Stone Soup version 0.31-a0-187-gba352fbbf7 (webtiles) character file.

Game seed: 5696568089850209064

47 tilp the Sneak (level 3, -1/26 HPs)
             Began as a Vampire Enchanter on June 22, 2023.
             Slain by a hobgoblin
             ... wielding a +0 hand axe
              (3 damage)
             ... on level 2 of the Dungeon.
             The game lasted 00:03:46 (1607 turns).

tilp the Sneak (Vampire Enchanter)                  Turns: 1607, Time: 00:03:47

Health: -1/26      AC:  2    Str:  7    XL:     3   Next: 48%
Magic:  1/6        EV: 12    Int: 19    God:
Gold:   66         SH:  0    Dex: 14    Spells: 4/6 levels left

rFire   . . .        a - +1 dagger
rCold   . . .        (no shield)
rNeg    . . .        b - +0 robe
rPois   +            (no helmet)
rElec   .            (no cloak)
rCorr   .            (no gloves)
SInv    +            (no boots)
Will    .....        (no amulet)
Stlth   +++          h - ring of poison resistance
HPRegen 0.44/turn    (no ring)
MPRegen 0.10/turn

%: no passive effects
@: healing quickly, invisible
A: alive, fangs 3, see invisible, vampiric 2
a: Exsanguinate


You were on level 2 of the Dungeon.
You visited 1 branch of the dungeon, and saw 2 of its levels.

You collected 66 gold pieces.

Inventory:

Hand Weapons
 a - a +1 dagger (weapon)
Missiles
 e - 19 stones (quivered)
Armour
 b - a +0 robe (worn)
Jewellery
 d - an amulet of guardian spirit
 h - a ring of poison resistance (left hand)
Scrolls
 f - a scroll of teleportation {unknown}
Potions
 c - 2 potions of invisibility
 g - a potion of lignification


   Skills:
 * Level 1.2 Fighting
 * Level 1.9 Short Blades
 + Level 2.4 Dodging
 + Level 4.7 Stealth
 * Level 2.4 Spellcasting
 + Level 4.7 Hexes


You had 4 spell levels left.
You knew the following spells:

 Your Spells              Type           Power      Damage    Failure   Level
a - Ensorcelled Hibernat  Hex/Ice        22%        N/A       10%         2

Your spell library contained the following spells:

 Spells                   Type           Power      Damage    Failure   Level
 Confusing Touch          Hex            20%        N/A       7%          3
 Tukima's Dance           Hex            20%        N/A       7%          3
 Shock                    Conj/Air       8%         1d3       16%         1
 Dazzling Flash           Conj/Hex       22%        N/A       19%         3
 Swiftness                Air            2%         N/A       43%         3
 Airstrike                Air            1%         2d(1-17)  85%         4


Dungeon Overview and Level Annotations

Branches:
Dungeon (2/15)

Altars:

Annotations:
D:2 1 runed translucent door, Crazy Yiuf


Innate Abilities, Weirdness & Mutations

Your natural rate of healing is accelerated.
You have razor-sharp teeth.
You have supernaturally acute eyesight. (SInv)
You are afflicted with vampirism and can become a bat while bloodless.


Message History

Aim: a hobgoblin, wielding a +0 hand axe and quivering stones (chance to affect: 62%)
The hobgoblin resists with significant effort.
The hobgoblin hits you with a +0 hand axe.
Unknown command.
You closely miss the hobgoblin.
The hobgoblin hits you with a +0 hand axe!
* * * LOW HITPOINT WARNING * * *
You barely miss the hobgoblin. The hobgoblin closely misses you.
You barely miss the hobgoblin. Your bite misses the hobgoblin.
You hit the hobgoblin.
The hobgoblin is moderately wounded.
The hobgoblin hits you with a +0 hand axe!
* * * LOW HITPOINT WARNING * * *
You hit the hobgoblin but do no damage.
The hobgoblin is moderately wounded.
The hobgoblin barely misses you.
You closely miss the hobgoblin.
The hobgoblin is moderately wounded.
The hobgoblin closely misses you.
Unknown command.
Unknown command.
Unknown command.
You closely miss the hobgoblin.
The hobgoblin is moderately wounded.
The hobgoblin closely misses you.
Your magical contamination has completely faded away.
You barely miss the hobgoblin.
The hobgoblin is moderately wounded.
The hobgoblin hits you with a +0 hand axe.
* * * LOW HITPOINT WARNING * * *
Unknown command.
Unknown command.
Unknown command.
You fade into invisibility!
The hobgoblin barely misses you.
Unknown command.
You hit the hobgoblin. You bite the hobgoblin.
The hobgoblin is almost dead.
The hobgoblin hits you with a +0 hand axe.
You die...

.. #' #. ##.##
# ...#.#
..#.##...
P...P.#).....#
.P....#.#
......#@#
...K.P#g#
......#.#
......#.#
#P#####..#
.........#
#######.## #.#
##
######.#####


You could see a hobgoblin (unable to see you).

Vanquished Creatures
  An adder (D:2)
  A worm (D:2)
  3 ball pythons
  3 endoplasms
  A giant cockroach (D:1)
  2 goblins (D:1)
  2 hobgoblins (D:1)
  9 jackals (D:1)
  3 bats (D:1)
  4 frilled lizards (D:1)
  2 kobolds
  2 rats (D:1)
33 creatures vanquished.

Notes
Turn   | Place    | Note
-------+----------+-------------------------------------------
     0 | D:1      | tilp the Vampire Enchanter began the quest for the Orb.
     0 | D:1      | Reached XP level 1. HP: 13/13 MP: 3/3
   203 | D:1      | Found a faded altar of an unknown god.
   260 | D:1      | Reached XP level 2. HP: 20/20 MP: 5/5
   334 | D:1      | Learned a level 2 spell: Ensorcelled Hibernation
   820 | D:1      | Gained mutation: You are afflicted with vampirism and can
                  | become a bat while bloodless. [Vampire growth]
   820 | D:1      | Reached XP level 3. HP: 18/25 MP: 1/6
  1345 | D:2      | Reached skill level 1 in Fighting
  1445 | D:2      | Found a runed translucent door.
  1446 | D:2      | Noticed Crazy Yiuf
  1605 | D:2      | HP: 1/26 [hobgoblin/+0 hand axe (4)]
  1607 | D:2      | Slain by a hobgoblin

Illustrated notes

Levels and vault maps discovered:
D:1:      dpeg_arrival_signposts, layout_loops_ring,
          hellmonk_ecumenical_altar_dog_temple, chequers_big_river,
          chequers_garden
D:2:      cheibrodos_old_hovel, layout_loops_corners, cheibrodos_gnoll_hut,
          uniq_crazy_yiuf_cottage

Skill      XL: |  1  2  3 |
---------------+----------+-----
Fighting       | 1 |  1.2
Short Blades   | |  1.9
Dodging        | |  2.4
Stealth        | |  4.7
Spellcasting   | |  2.4
Hexes          | |  4.7

Action                     || total
---------------------------++-------
  Melee: Dagger            ||   113
         Bite              ||    14
  Throw: Stone             ||     1
   Cast: Ensorcelled Hiber ||    14
    Use: Scroll            ||     1
         Potion            ||     1
   Stab: Sleeping          ||    12
 Armour: Robe              ||    14
  Dodge: Dodged            ||    71

Table legend: (Time is in decaauts)
 A = Elapsed time spent in this place.
 B = Non-inter-level travel time spent in this place.
 C = Inter-level travel time spent in this place.
 D = Time resting spent in this place.
 E = Time spent auto-exploring this place.
 F = Levels seen in this place.
 G = Mean time per level.
                   A        B        C        D        E       F      G
               +--------+--------+--------+--------+--------+-----+--------+
         Total |   1613 |   1497 |    116 |     60 |   1079 |   2 |  806.5 |
       Dungeon |   1613 |   1497 |    116 |     60 |   1079 |   2 |  806.5 |
               +--------+--------+--------+--------+--------+-----+--------+

Top non-repeatable levels by time:
     D:1: 1328 daAuts
     D:2: 284 daAuts
